 Dungeon Crawl Stone Soup version 0.24.0-1-gfbc8707 (webtiles) character file.

Game seed: 1866088984350116043, levelgen mode: deterministic

2275 AverageBear the Chopper (level 9, -3/74 HPs)
             Began as a Deep Dwarf Fighter on Nov 2, 2019.
             Slain by an orc warrior
             ... wielding a +2 short sword of flaming
              (5 damage)
             ... on level 6 of the Dungeon on Nov 3, 2019.
             The game lasted 00:08:01 (5222 turns).

AverageBear the Chopper (Deep Dwarf Fighter)        Turns: 5222, Time: 00:08:02

Health: -3/74      AC: 17    Str: 23    XL:     9   Next: 16%
Magic:  4/4        EV: 14    Int:  9    God:
Gold:   321        SH: 11    Dex: 12    Spells: 8/8 levels left

rFire    . . .     SeeInvis .   a - +1 war axe
rCold    . . .     Gourm    .   c - +0 shield
rNeg     + . .     Faith    .   E - +2 scale mail {rN+}
rPois    .         Spirit   .   (no helmet)
rElec    .         Reflect  .   j - +2 cloak
rCorr    .         Harm     .   i - +0 pair of gloves
MR       +....                  p - +0 pair of boots
Stlth    ..........             (no amulet)
HPRegen  0.00/turn              g - +2 ring of evasion
MPRegen  0.09/turn              z - +2 ring of protection

@: non-regenerating
A: damage resistance, heal wounds, sense surroundings 2, no regeneration
a: Heal Wounds


You were on level 6 of the Dungeon.
You were not hungry.

You visited 2 branches of the dungeon, and saw 7 of its levels.

You collected 321 gold pieces.

Inventory:

Hand Weapons
 a - a +1 war axe (weapon)
 t - a +2 morningstar of crushing
 B - a +2 morningstar of protection
Missiles
 y - a throwing net (quivered)
Armour
 c - a +0 shield (worn)
 i - a +0 pair of gloves (worn)
 j - a +2 cloak (worn)
 p - a +0 pair of boots (worn)
 E - a +2 scale mail of positive energy (worn)
Jewellery
 g - a +2 ring of evasion (left hand)
 h - a +3 ring of strength
 o - an uncursed ring of flight
 s - an uncursed ring of protection from magic
 z - a +2 ring of protection (right hand)
 C - an uncursed ring of poison resistance
Wands
 k - a wand of enslavement (11)
 x - a wand of flame (6)
 A - a wand of acid (19)
Scrolls
 b - 2 scrolls of identify
 m - a scroll of fog {unknown}
 n - 5 scrolls of amnesia
 u - 2 scrolls of magic mapping
 F - a scroll of random uselessness
Potions
 d - a potion of might
 e - 3 potions of curing {unknown}
 l - a potion of agility
 r - 2 potions of cancellation {unknown}
 D - a potion of magic {unknown}
 G - a potion of berserk rage {unknown}
 H - a potion of haste {unknown}
 I - a potion of mutation {unknown}
Miscellaneous
 v - a lightning rod (4/4)
 w - a crystal ball of energy
Comestibles
 f - 18 rations


   Skills:
 - Level 2.6 Fighting
 + Level 7.6 Axes
 - Level 7.1 Armour
 - Level 6.6 Dodging
 - Level 7.1 Shields


You had 8 spell levels left.
You didn't know any spells.
Your spell library was empty.

Dungeon Overview and Level Annotations

Branches:
Dungeon (6/15)             Temple (1/1) D:6

Altars:
Ashenzari
Dithmenos
Elyvilon
Fedhas
Gozag
Hepliaklqana
Nemelex Xobeh
Okawaru
Qazlal
Ru
Sif Muna
Trog
Vehumet
Wu Jian
Xom
Yredelemnul
Zin
The Shining One


Innate Abilities, Weirdness & Mutations

You are resistant to damage.
You can heal yourself by infusing magical energy.
You passively map the area around you.
You do not regenerate.


Message History

You hit the orc warrior.
You kill the orc warrior!
You closely miss the orc warrior.
The orc warrior hits you with a +2 short sword of flaming.
The orc warrior burns you.
You slash the orc warrior!
The orc warrior is heavily wounded.
The orc warrior misses you.
You slash the orc warrior!
The orc warrior is almost dead.
The orc warrior hits you with a +2 short sword of flaming!
* * * LOW HITPOINT WARNING * * *
The orc warrior burns you.
* * * LOW HITPOINT WARNING * * *
You hit the orc warrior.
The orc warrior is almost dead.
The orc warrior hits you with a +2 short sword of flaming!
* * * LOW HITPOINT WARNING * * *
The orc warrior burns you.
You die...

#..##.....##..### ###.
....##...##....####...
.....#...#......#....#
**
.##..##.##..##..######
*, ####..#.#..####..#
##.
#..#..#.#.รท#.[#..#
#..
*,,##.#..#.#..#.##..#
###
#..#.#o))#...#.#..## #
#....#.@.#...#....# #
##..##...#...##..##
#### ##
#....#....#######...
###.###.#...#.......
#.............####
#######...##### #...#
#...# #...#


You could see an orc warrior.

Vanquished Creatures
  Eustachio (D:6)
  Menkaure (D:6)
  A necrophage (D:6)
  2 orc warriors (D:6)
  A sky beast (D:6)
  An ice beast (D:5)
  2 phantoms (D:5)
  2 ogres (D:4)
  A centaur (D:5)
  A big kobold (D:4)
  A bullfrog (D:6)
  A wight (D:6)
  A howler monkey (D:4)
  A crimson imp (D:5)
  A quasit (D:4)
  2 bullfrog skeletons
  A centaur zombie (D:5)
  3 hounds
  A jelly (D:5)
  3 orc wizards
  2 orc priests
  An iguana (D:4)
  5 worker ants
  2 hound skeletons (D:4)
  2 howler monkey zombies (D:6)
  3 gnolls (D:4)
  13 adders
  2 shadow imps
  2 oozes
  8 worms
  4 dart slugs
  A leopard gecko (D:4)
  18 orcs
  3 ball pythons
  5 giant cockroaches
  11 goblins
  6 hobgoblins
  4 jackals (D:4)
  4 quokkas
  7 bats
  3 frilled lizards
  5 kobolds
  A leopard gecko zombie (D:4)
  11 rats
151 creatures vanquished.

Notes
Turn   | Place    | Note
-------+----------+-------------------------------------------
     0 | D:1      | AverageBear the Deep Dwarf Fighter began the quest for the
                  | Orb.
     0 | D:1      | Reached XP level 1. HP: 20/20 MP: 1/1
   414 | D:1      | Reached XP level 2. HP: 21/27 MP: 2/2
   980 | D:2      | Reached XP level 3. HP: 26/33 MP: 3/3
  1265 | D:2      | Found an iron altar of Okawaru.
  1849 | D:3      | Reached XP level 4. HP: 24/40 MP: 4/4
  1925 | D:3      | Reached skill level 5 in Axes
  2000 | D:3      | Reached skill level 1 in Dodging
  2245 | D:3      | Reached XP level 5. HP: 34/46 MP: 4/4
  2795 | D:4      | Found a radiant altar of Vehumet.
  2872 | D:4      | Found a sacrificial altar of Ru.
  2883 | D:4      | Reached XP level 6. HP: 32/55 MP: 4/4
  2960 | D:4      | Found a large runed translucent door.
  2960 | D:4      | Found a large runed translucent door.
  2999 | D:4      | Reached skill level 5 in Dodging
  3041 | D:4      | Found a large runed translucent door.
  3041 | D:4      | Found a large runed translucent door.
  3064 | D:4      | Reached XP level 7. HP: 34/61 MP: 5/5
  3505 | D:5      | Entered Level 5 of the Dungeon
  3558 | D:5      | Reached skill level 5 in Armour
  3735 | D:5      | Found a basalt altar of Yredelemnul.
  3846 | D:5      | Reached XP level 8. HP: 58/68 MP: 6/6
  3864 | D:5      | Found an ornate altar of the Wu Jian Council.
  3944 | D:5      | Found a shimmering altar of Xom.
  4011 | D:5      | Reached skill level 5 in Shields
  4405 | D:6      | Noticed Menkaure
  4414 | D:6      | Killed Menkaure
  4442 | D:6      | Noticed Eustachio
  4476 | D:6      | Killed Eustachio
  4519 | D:6      | Gained mutation: You passively map the area around you.
                  | [Deep Dwarf growth]
  4519 | D:6      | Reached XP level 9. HP: 32/74 MP: 5/5
  4603 | D:6      | Found a staircase to the Ecumenical Temple.
  4610 | Temple   | Entered the Ecumenical Temple
  5000 | D:6      | Got a scorched chain mail
  5011 | D:6      | Identified the +0 chain mail of Ubah Xob {+Inv rN+ MR-}
                  | (You found it on level 6 of the Dungeon)
  5222 | D:6      | HP: 2/74 [orc warrior/+2 short sword of flaming (11)]
  5222 | D:6      | Slain by an orc warrior

Levels and vault maps discovered:
D:1:      lemuel_arrival_tunnels, layout_basic
D:2:      layout_loops_ring, okawaru_metal_pillars_3, grunt_ministairs_8
D:3:      layout_loops_ring
D:4:      layout_rooms, vehumet_altar_wand_db,
          nicolae_ru_great_annihilating_truth, minmay_hollow_rounded_squares
D:5:      layout_basic, old_standard_altar, lemuel_doored_altar, first_ration,
          hex_medium, xom_teletrap_fun
D:6:      minmay_octagon_keep, layout_rooms, minmay_temple_entry_glassed_door,
          serial_shops, nicolae_shop_window_shopping, minmay_puff,
          uniq_eustachio, uniq_menkaure
Temple:   oiseaux_autumnal_temple

Skill      XL: |  1  2  3  4  5  6  7  8  9 |
---------------+----------------------------+-----
Axes           | 3 4 5 6 7 |  7.6
Dodging        | 2 4 6 |  6.6
Armour         | 7 |  7.1
Shields        | 7 |  7.1
Fighting       | |  2.6

Action                   |  1- 3 |  4- 6 |  7- 9 || total
-------------------------+-------+-------+-------++-------
Melee: War axe           |   114 |   173 |   283 ||   570
 Abil: Heal Wounds       |       |     2 |     5 ||     7
  Use: Scroll            |     3 |       |     8 ||    11
       Potion            |       |     1 |     2 ||     3
 Stab: Paralysed         |       |     1 |       ||     1
  Eat: Chunk             |     2 |     5 |     5 ||    12
       Ration            |       |       |     1 ||     1
Armor: Scale mail        |    10 |       |    85 ||    95
       Ring mail         |    46 |    81 |    12 ||   139
Dodge: Dodged            |    32 |    89 |   118 ||   239
Block: Shield            |    55 |    85 |   165 ||   305
